 Dungeon Crawl Stone Soup version 0.32-a0-520-g344ed53f66 (webtiles) character file.

Game seed: 9804492908301016490

157 lunkers the Digger (level 5, 0/38 HPs)
             Began as a Mountain Dwarf Earth Elementalist on Feb 27, 2024.
             Slain by an orc priest
             ... wielding a +2 dagger of flaming
              (1 damage)
             ... on level 3 of the Dungeon.
             The game lasted 00:02:24 (2589 turns).

lunkers the Digger (MDEE)                           Turns: 2589, Time: 00:02:25

Health: 0/38       AC:  6    Str: 10    XL:     5   Next: 15%
Magic:  0/7        EV: 10    Int: 18    God:
Gold:   116        SH:  0    Dex: 10    Spells: 6/7 levels left

rFire   . . .        q - +0 flail
rCold   . . .        (no shield)
rNeg    . . .        l - +0 ring mail
rPois   .            v - +0 helmet
rElec   .            (no cloak)
rCorr   .            (no gloves)
SInv    .            (no boots)
Will    +....        (no amulet)
Stlth   +            k - ring of willpower
HPRegen 0.26/turn    (no ring)
MPRegen 0.10/turn

%: no passive effects
@: no status effects
A: runic magic, artefact enchanting
a: Convert to Beogh


You were on level 3 of the Dungeon.
You visited 1 branch of the dungeon, and saw 3 of its levels.

You collected 116 gold pieces.

Inventory:

Hand Weapons
 h - a +0 mace
 p - a +0 whip
 q - a +0 flail (weapon)
 t - a +0 dagger
 u - a +0 sling of draining
Armour
 l - a +0 ring mail (worn)
 v - a +0 helmet (worn)
Jewellery
 g - a ring of fire
 k - a ring of willpower (left hand)
Scrolls
 a - a scroll of brand weapon {unknown}
 c - a scroll of noise {unknown}
 e - 5 scrolls of identify {unknown}
 m - 2 scrolls of teleportation {unknown}
 n - a scroll of immolation {unknown}
 s - a scroll of enchant armour {unknown}
 w - a scroll of revelation {unknown}
Potions
 b - a potion of magic
 d - a potion of enlightenment {unknown}
 f - a potion of cancellation {unknown}
 i - 2 potions of haste {unknown}
 j - a potion of lignification {unknown}
 o - a potion of curing {unknown}
 r - a potion of might {unknown}


   Skills:
 - Level 1.3 Dodging
 - Level 1.4 Stealth
 - Level 1.7 Spellcasting
 - Level 0.8 Conjurations
 * Level 6.5 Earth Magic


You had 6 spell levels left.
You knew the following spells:

 Your Spells              Type           Power      Damage    Failure   Level
a - Sandblast             Erth           50%        2d12      1%          1

Your spell library contained the following spells:

 Spells                   Type           Power      Damage    Failure   Level
 Passwall                 Erth           25%        N/A       4%          3
 Stone Arrow              Conj/Erth      28%        3d8       16%         3
 Jinxbite                 Hex            2%         N/A       34%         2
 Brom's Barrelling Bould  Conj/Erth      14%        2d4       45%         4
 Petrify                  Alch/Erth      13%        N/A       52%         4
 Yara's Violent Unravell  Hex/Alch       0%         3d3       100%        5
 Enfeeble                 Hex            0%         N/A       100%        7


Dungeon Overview and Level Annotations

Branches:
Dungeon (3/15)

Altars:
Elyvilon
Qazlal


Innate Abilities, Weirdness & Mutations

Your spellcasting is much less encumbered by armour.
You can use scrolls of enchantment on lesser artefacts.


Message History

Aiming: Sandblast (safe; 1% risk of failure)
Press: ? - help, Q - select action Shift-Dir - straight line, f/p - orc priest
Aim: an orc priest, wielding a +2 dagger of flaming and wearing a +0 leather armour (83% to hit)
The blast of sand hits the orc.
You kill the orc!
Unknown command.
Aiming: Sandblast (safe; 1% risk of failure)
Press: ? - help, Q - select action Shift-Dir - straight line, f/p - orc priest
Aim: an orc priest, wielding a +2 dagger of flaming and wearing a +0 leather armour (83% to hit)
The blast of sand hits the orc priest!
The orc priest is severely wounded.
The orc priest shouts, "The Pantheon deserves no one's loyalty.
Let us show you the true path!"
The orc priest mumbles some strange prayers to Beogh against you.
You resist with some effort.
The orc priest calls down the wrath of Beogh upon you.
Beogh smites you!
* * * LOW HITPOINT WARNING * * *
Unknown command.
Aiming: Sandblast (safe; 1% risk of failure)
Press: ? - help, Q - select action Shift-Dir - straight line, f/p - orc priest
Aim: an orc priest, wielding a +2 dagger of flaming and wearing a +0 leather armour (severely wounded, 83% to hit)
The blast of sand hits the orc priest but does no damage.
The orc priest is severely wounded.
* * * LOW MAGIC WARNING * * *
The orc priest calls down the wrath of Beogh upon you.
Beogh smites you!
* * * LOW HITPOINT WARNING * * *
Aiming: Sandblast (safe; 1% risk of failure)
Press: ? - help, Q - select action Shift-Dir - straight line, f/p - orc priest
Aim: an orc priest, wielding a +2 dagger of flaming and wearing a +0 leather armour (severely wounded, 83% to hit)
The blast of sand misses the orc priest.
The blast of sand hits the hobgoblin!
You kill the hobgoblin!
* * * LOW MAGIC WARNING * * *
The orc priest shouts, "Surrender to Beogh and we'll let you live!"
The orc priest hits you but does no damage.
The orc priest hits you with a +2 dagger of flaming.
* * * LOW HITPOINT WARNING * * *
The orc priest burns you.
You die...

..P.≈.≈P..#.####.#.♣.##
...P≈.≈.P.#......#.♣.#######
..P#≈.≈#.....|.....♣.......#
..PP≈.≈.......####...#####.#
..P.≈.≈P.#....##......#
..P#≈.≈#P#..#.##.#.≈..#
...P≈.≈..#.....#.#.≈..#
#...≈)≈P...<...#.#.≈..#
####≈.≈######.##@#.≈.## #
≈.≈##......#o#...# #
≈.≈≈########o#...# ##
...≈≈#...o...#._.. .#
._.⌠≈#...g)### .#
...≈≈#..... .## ≈⌠≈P##....
..# ..... .##### ....


You could see an orc priest and an orc.

Vanquished Creatures
  An orc priest (D:3)
  Jessica (D:3)
  Robin (D:3)
  2 adders
  3 dart slugs (D:1)
  3 orcs (D:3)
  2 bats
  3 endoplasms
  4 giant cockroaches
  15 goblins
  9 hobgoblins
  9 kobolds
  4 ball pythons
  3 rats
60 creatures vanquished.

Notes
Turn   | Place    | Note
-------+----------+-------------------------------------------
     0 | D:1      | lunkers the Mountain Dwarf Earth Elementalist began the
                  | quest for the Orb.
     0 | D:1      | Reached XP level 1. HP: 14/14 MP: 3/3
   121 | D:1      | Found a faded altar of an unknown god.
   123 | D:1      | Reached skill level 4 in Earth Magic
   123 | D:1      | Reached XP level 2. HP: 20/20 MP: 1/4
   843 | D:1      | Reached XP level 3. HP: 26/26 MP: 3/5
  1042 | D:2      | Reached skill level 5 in Earth Magic
  2006 | D:3      | Found a white marble altar of Elyvilon.
  2008 | D:3      | Reached XP level 4. HP: 33/33 MP: 4/6
  2129 | D:3      | Noticed Jessica
  2132 | D:3      | Killed Jessica
  2205 | D:3      | Noticed Robin
  2231 | D:3      | Reached skill level 6 in Earth Magic
  2232 | D:3      | Killed Robin
  2451 | D:3      | Found a stormy altar of Qazlal.
  2580 | D:3      | Reached XP level 5. HP: 38/38 MP: 4/7
  2589 | D:3      | HP: 1/38 [orc priest/+2 dagger of flaming (4)]
  2589 | D:3      | Slain by an orc priest

Illustrated notes

Levels and vault maps discovered:
D:1:      amcnicky_arrival_underground_garden, layout_loops_ring,
          basic_ecumenical_altar
D:2:      layout_loops_ring, serial_aquarium, aquarium_bridge_long_separate
          [aquarium_subvault_bridge, aquarium_subvault_window,
          aquarium_subvault_bridge, aquarium_subvault_balcony,
          aquarium_subvault_window, aquarium_subvault_bridge],
          aquarium_bridge_square [aquarium_subvault_bridge,
          aquarium_subvault_balcony, aquarium_subvault_bridge,
          aquarium_subvault_wall], aquarium_window_1, aquarium_window_fake,
          aquarium_view_2c, aquarium_balcony_3b, aquarium_pool_side,
          hangedman_decor_peaks_small, minmay_door_square
D:3:      layout_basic, nicolae_elyvilon_temple_path,
          mainiacjoe_overflow_boulevard, uniq_jessica, uniq_robin

Skill      XL: |  1  2  3  4 |
---------------+-------------+-----
Earth Magic    | 4 5 6 |  6.5
Dodging        | |  1.3
Stealth        | |  1.4
Spellcasting   | |  1.7
Conjurations   | |  0.8

Action                     |  1- 3 |  4- 6 || total
---------------------------+-------+-------++-------
  Melee: Flail             |     3 |    12 ||    15
   Cast: Sandblast         |    53 |    25 ||    78
 Armour: Robe              |     2 |       ||     2
         Ring mail         |     3 |    21 ||    24
  Dodge: Dodged            |     9 |    22 ||    31

Table legend: (Time is in decaauts)
 A = Elapsed time spent in this place.
 B = Non-inter-level travel time spent in this place.
 C = Inter-level travel time spent in this place.
 D = Time resting spent in this place.
 E = Time spent auto-exploring this place.
 F = Levels seen in this place.
 G = Mean time per level.
                   A        B        C        D        E       F      G
               +--------+--------+--------+--------+--------+-----+--------+
         Total |   2631 |   2554 |     77 |      0 |   2219 |   3 |  877.0 |
       Dungeon |   2631 |   2554 |     77 |      0 |   2219 |   3 |  877.0 |
               +--------+--------+--------+--------+--------+-----+--------+

Top non-repeatable levels by time:
     D:2: 974 daAuts
     D:1: 931 daAuts
     D:3: 726 daAuts
